 Dungeon Crawl Stone Soup version 0.29.0-4-gdea44cf6ec (webtiles) character file.

Game seed: 10862206991899835580

21 qw the Chopper (level 2, -3/24 HPs)
             Began as a Demonspawn Cinder Acolyte on Sept 9, 2022.
             Was a High Priest of Ignis.
             Slain by Terence
             ... wielding a +0 flail
              (7 damage)
             ... on level 2 of the Dungeon.
             The game lasted 00:00:11 (810 turns).

qw the Chopper (Demonspawn Cinder Acolyte)           Turns: 810, Time: 00:00:12

Health: -3/24      AC:  9    Str: 14    XL:     2   Next: 62%
Magic:  3/3        EV: 11    Int: 15    God:    Ignis [*****.]
Gold:   67         SH:  0    Dex:  8    Spells: 3/3 levels left

rFire   + . .      SeeInvis .   a - -1 hand axe (flame)
rCold   . . .      Faith    .   (no shield)
rNeg    . . .      Spirit   .   b - +0 robe
rPois   .          Reflect  .   (no helmet)
rElec   .          Harm     .   (no cloak)
rCorr   .          Rampage  .   (no gloves)
Will    .....                   (no boots)
Stlth   +.........              (no amulet)
HPRegen 0.08/turn               (no ring)
MPRegen 0.08/turn               (no ring)

@: fiery-armoured
A: ignite blood 1
a: Renounce Religion, Fiery Armour, Foxfire Swarm, Rising Flame


You were on level 2 of the Dungeon.
You worshipped Ignis.
Ignis was extremely pleased with you.
You visited 1 branch of the dungeon, and saw 2 of its levels.

You collected 67 gold pieces.


Innate Abilities, Weirdness & Mutations

Your demonic aura sometimes causes spilled blood to erupt in flames.


   Skills:
 - Level 3.0 Fighting
 + Level 3.6 Axes
 - Level 1.0 Spellcasting
 - Level 2.6 Fire Magic


You had 3 spell levels left.
You didn't know any spells.
Your spell library contained the following spells:

 Spells                   Type           Power      Damage    Failure   Level
 Scorch                   Fire           16%        2d6       12%         2

Inventory:

Hand Weapons
 a - a -1 hand axe of flaming (weapon)
Armour
 b - a +0 robe (worn)
 e - a +0 pair of boots
Scrolls
 c - a scroll of enchant armour {unknown}
Potions
 d - 2 potions of magic {unknown}

Dungeon Overview and Level Annotations

Branches:
Dungeon (1/15)

Altars:

Annotations:
D:2 Terence


Message History

You feel sick. The adder barely misses you.
You barely miss the adder.
You feel sick. The adder bites you but does no damage.
The adder is burned by your cloak of flames.
The adder is heavily wounded.
The adder bites you.
The adder is burned by your cloak of flames.
The adder is almost dead.
You miss the adder.
The adder is almost dead.
You feel sick. The adder bites you but does no damage.
The adder is burned by your cloak of flames.
You kill the adder!
You start resting.
You feel sick. x4
You are no longer poisoned.
Your fiery armour burns out.
HP restored.
Found a stone staircase leading down.
Enter note:
e - a +0 pair of boots Terence the Incautious comes into view.
He is wielding a +0 flail and wearing a +1 chain mail of fire resistance.
Terence shouts!
An endoplasm comes into view.
805 ||| Stepping ~*~*~tactically~*~*~ (stealth).
You hit Terence.
Terence is lightly wounded.
Terence hits you but does no damage. Terence hits you with a +0 flail.
You hit Terence but do no damage.
Terence is lightly wounded.
Terence hits you with a +0 flail!
809 ||| INVOKING Fiery Armour.
A protective cloak of flame settles atop you.
Terence hits you with a +0 flail.
Terence resists.
Terence is burned by your cloak of flames.
Terence is lightly wounded.
You barely miss Terence.
Terence is lightly wounded.
Terence hits you with a +0 flail!
You die...

..
#..##############
#.........#......
.......>.....J...
#.......@#
##.......@#
........0.#
#........###
##........#.. ..
#.........#.# ...
#.........#.###...
..........#.......
#.................
#.............###


You could see Terence.

Vanquished Creatures
  An adder (D:2)
  2 ball pythons (D:1)
  An endoplasm (D:1)
  2 goblins
  A hobgoblin (D:2)
  3 bats
  2 rats (D:1)
12 creatures vanquished.

Notes
Turn   | Place    | Note
-------+----------+-------------------------------------------
     0 | D:1      | qw the Demonspawn Cinder Acolyte began the quest for the
                  | Orb.
     0 | D:1      | Reached XP level 1. HP: 18/18 MP: 2/2
     0 | D:1      | 0 ||| qw: Version: 0.1-a-113-g051387a
     0 | D:1      | 0 ||| qw: Game counter: 7057
     0 | D:1      | 0 ||| qw: Always use a shield: true
     0 | D:1      | 0 ||| qw: God list: Okawaru
     0 | D:1      | 0 ||| qw: Allow faded altars: false
     0 | D:1      | 0 ||| qw: Do Orc after D:15 true
     0 | D:1      | 0 ||| qw: Do second Lair branch before Depths: true
     0 | D:1      | 0 ||| qw: Lair rune preference: random
     0 | D:1      | 0 ||| qw: Plans: Normal
     0 | D:1      | 0 ||| PLANNING D:1-11
    95 | D:1      | 95 ||| INVOKING Fiery Armour.
    96 | D:1      | Reached skill level 3 in Axes
   382 | D:1      | Gained mutation: Your demonic aura sometimes causes spilled
                  | blood to erupt in flames. [demonic ancestry]
   382 | D:1      | Reached XP level 2. HP: 24/24 MP: 3/3
   407 | D:1      | Found a faded altar of an unknown god.
   407 | D:1      | You fall into a shaft and drop 1 floor!
   513 | D:2      | 513 ||| INVOKING Fiery Armour.
   515 | D:2      | HP: 6/24 [poisoned by an adder]
   803 | D:2      | Noticed Terence
   805 | D:2      | 805 ||| Stepping ~*~*~tactically~*~*~ (stealth).
   809 | D:2      | 809 ||| INVOKING Fiery Armour.
   809 | D:2      | HP: 4/24 [Terence/+0 flail (3)]
   810 | D:2      | Slain by Terence

Levels and vault maps discovered:
D:1:      wheals_arrival_shading, layout_rooms,
          hellmonk_ecumenical_altar_leap_of_faith, minmay_quantized
D:2:      layout_basic, serial_corexii_hall, corexii_hall_statues_x,
          chequers_hall_statues_y, chequers_hall_statues_y,
          chequers_hall_statues_wall_a, corexii_hall_statues_l,
          corexii_hall_statues_i, uniq_terence

Skill      XL: |  1 |
---------------+----+-----
Axes           | 3 |  3.6
Fighting       | |  3.0
Spellcasting   | |  1.0
Fire Magic     | |  2.6

Action                   || total
-------------------------++-------
Melee: Hand axe          ||    32
Invok: Fiery Armour      ||     3
Armor: Robe              ||    12
Dodge: Dodged            ||    17

Table legend:
 A = Non-vault XP
 B = Vault XP
 C = Vault XP percentage of total XP
 D = Non-vault monster count
 E = Vault monster count
 F = Vault count percentage of total count
                 A         B        C        D         E       F
            +---------+---------+-------+---------+---------+-------
      Total |      30 |       0 |   0.0 |      12 |       0 |   0.0
            +---------+---------+-------+---------+---------+-------
        D:1 |      12 |       0 |   0.0 |       8 |       0 |   0.0
        D:2 |      18 |       0 |   0.0 |       4 |       0 |   0.0
            +---------+---------+-------+---------+---------+-------
